Map: Bridgehead LE (Void)

Players

MoonLjth

  • Race: Protoss Protoss
  • League: Platinum

iQuitBYE

  • Race: Protoss Protoss
  • League: Grandmaster

Covariance - Winner!

  • Race: Protoss Protoss

thebluegecko - Winner!

  • Race: Protoss Protoss
  • League: Gold

VOD

Have the link to the VOD?

Description

Time

  • Played on: Oct. 3, 2015, 1:23 p.m.
  • Length: 8:18
Show
View Real Time Build Order
Export as new Build Order

MoonLjth Protoss 

Build Orders: Blink Stalkers, Dark Templar Rush 

Get SALT Encoding   

  12  0:01  Probe (Chrono Boost)  
  13  0:13  Pylon  
  13  0:18  Probe (Chrono Boost)  
  14  0:29  Probe (Chrono Boost)  
  15  0:36  Gateway  
  15  0:40  Probe (Chrono Boost)  
  16  0:50  Probe (Chrono Boost), Assimilator  
  17  0:59  Assimilator  
  17  1:01  Probe (Chrono Boost)  
  18  1:10  Pylon  
  18  1:12  Probe (Chrono Boost)  
  20  1:25  Probe (Chrono Boost)  
  20  1:26  Cybernetics Core  
  20  1:36  Probe (Chrono Boost)  
  21  1:46  Probe (Chrono Boost)  
  22  1:57  Probe (Chrono Boost)  
  23  2:02  Stalker (Chrono Boost)  
  23  2:06  Warp Gate (Chrono Boost)  
  27  2:08  Mothership Core  
  27  2:10  Pylon  
  27  2:29  Probe  
  28  2:37  Twilight Council  
  28  2:39  Stalker (Chrono Boost)  
  30  2:47  Gateway  
  30  2:51  Gateway  
  30  3:05  Stalker (Chrono Boost)  
  32  3:08  Pylon  
  32  3:14  Blink (Chrono Boost)  
  32  3:34  Dark Shrine  
  32  3:41  Probe  
  32  3:45  Gateway  
  33  3:56  Probe  
  34  4:12  Stalker x3  
  40  4:22  Probe  
  41  4:35  Stalker  
  41  4:36  Stalker x2  
  47  5:04  Pylon  
  47  5:05  Probe  
  45  5:17  Dark Templar  
  45  5:29  Stalker x2  
  45  5:30  Stalker  
  49  5:45  Probe, Nexus  
  49  5:48  Pylon  
  50  5:57  Probe  
  51  6:08  Stalker  
  51  6:09  Stalker, Probe  
  56  6:12  Stalker  
  57  6:21  Probe  
  58  6:27  Robotics Facility  
  58  6:33  Probe  
  58  6:38  Resonating Glaives (Chrono Boost)  
  59  6:45  Probe  
  60  6:55  Probe  
  61  7:06  Probe  
  60  7:14  Probe, Warp Prism (Chrono Boost)  
  61  7:20  Probe, Assimilator  
  61  7:22  Assimilator  
  63  7:25  Probe  
  64  7:32  Probe  
  64  7:35  Probe  
  65  7:40  Adept x2  
  65  7:44  Probe  
  68  8:00  Pylon  
  68  8:02  Pylon  
  58  8:10  Pylon  
Show
View Real Time Build Order
Export as new Build Order

iQuitBYE Protoss 

Build Orders:  

Get SALT Encoding   

  12  0:01  Probe (Chrono Boost)  
  13  0:13  Probe (Chrono Boost)  
  14  0:18  Pylon  
  14  0:23  Probe (Chrono Boost)  
  15  0:36  Probe (Chrono Boost)  
  15  0:40  Gateway  
  16  0:47  Probe (Chrono Boost)  
  17  0:50  Assimilator  
  17  0:57  Probe (Chrono Boost)  
  17  1:03  Assimilator  
  18  1:08  Probe (Chrono Boost)  
  19  1:16  Gateway  
  19  1:18  Probe (Chrono Boost)  
  20  1:28  Cybernetics Core  
  20  1:29  Probe (Chrono Boost)  
  21  1:36  Pylon  
  21  1:40  Probe (Chrono Boost)  
  22  1:51  Probe (Chrono Boost)  
  23  1:55  Warp Gate  
  23  2:02  Probe (Chrono Boost)  
  23  2:06  Adept x2  
  30  2:16  Mothership Core (Chrono Boost)  
  29  2:42  Nexus  
  29  2:48  Pylon  
  29  2:54  Probe (Chrono Boost)  
  31  3:06  Probe (Chrono Boost)  
  31  3:08  Robotics Facility  
  31  3:18  Probe (Chrono Boost)  
  32  3:30  Stalker, Probe (Chrono Boost)  
  36  3:42  Probe (Chrono Boost), Pylon  
  35  3:52  Warp Prism  
  33  4:01  Stalker  
  35  4:07  Probe x2 (Chrono Boost)  
  35  4:17  Probe (Chrono Boost)  
  35  4:19  Probe (Chrono Boost)  
  37  4:27  Observer  
  37  4:28  Probe (Chrono Boost)  
  37  4:31  Probe (Chrono Boost)  
  41  4:38  Probe (Chrono Boost)  
  42  4:45  Probe (Chrono Boost)  
  42  4:46  Stalker x2  
  42  4:49  Probe (Chrono Boost)  
  42  4:50  Immortal  
  49  5:09  Stalker  
  49  5:10  Stalker  
  53  5:24  Gateway  
  53  5:26  Gateway  
  53  5:47  Pylon  
  53  5:48  Pylon x2  
  53  5:53  Pylon  
  53  5:56  Pylon  
  53  6:00  Immortal  
  53  6:07  Probe (Chrono Boost)  
  53  6:08  Stalker x2, Probe (Chrono Boost)  
  63  6:23  Probe (Chrono Boost), Pylon  
  63  6:24  Probe (Chrono Boost)  
  65  6:27  Assimilator  
  65  6:29  Sentry  
  65  6:30  Assimilator  
  65  6:31  Stalker  
  69  6:33  Probe (Chrono Boost)  
  69  6:36  Probe (Chrono Boost)  
  71  6:46  Stalker x2  
  75  6:56  Stalker  
  75  6:57  Stalker  
  77  7:10  Immortal  
  77  7:12  Stalker x2  
  85  7:34  Stalker  
  85  7:35  Stalker  
Show
View Real Time Build Order
Export as new Build Order

Covariance Protoss - Winner!

Build Orders:  

Get SALT Encoding   

Show
View Real Time Build Order
Export as new Build Order

thebluegecko Protoss - Winner!

Build Orders:  

Get SALT Encoding   

Tags
 
Add a new tag
Caveats
  • Supply blocks, unpowered buildings, or Contaminate may cause inaccurate times.
  • Supply counts are checked every 10 seconds.